Map: Blackpink LE

Players

SortOf

  • Race: Zerg Zerg
  • Spawn Location: 7:00

Neeb - Winner!

  • Race: Protoss Protoss
  • Spawn Location: 1:00

Event: IEM Season 12 - Katowice

VOD

Have the link to the VOD?

Description

Time

  • Played on: Feb. 27, 2018, 10:54 a.m.
  • Length: 15:32

All games in this series

Show
View Real Time Build Order
Export as new Build Order

SortOf Zerg 

Build Orders: Hatch First, Lurkers 

Get SALT Encoding   

  12  0:00  Drone  
  13  0:12  Overlord  
  13  0:17  Drone  
  14  0:31  Drone x2  
  16  0:49  Hatchery  
  15  0:51  Drone  
  15  0:54  Drone  
  17  0:59  Drone  
  18  1:08  Extractor  
  17  1:13  Spawning Pool  
  17  1:16  Drone  
  17  1:19  Drone  
  18  1:28  Drone  
  19  1:39  Drone  
  20  1:49  Overlord  
  20  2:00  Queen x2  
  20  2:01  Zergling x4  
  26  2:07  Metabolic Boost  
  26  2:11  Drone  
  26  2:12  Drone  
  29  2:22  Drone  
  29  2:23  Drone  
  30  2:34  Hatchery  
  29  2:37  Drone  
  29  2:41  Drone  
  31  2:46  Overlord  
  31  2:51  Queen  
  31  2:55  Drone  
  31  2:57  Zergling x2  
  31  2:58  Zergling x2  
  35  3:07  Drone  
  35  3:10  Drone  
  35  3:11  Drone  
  38  3:19  Overlord  
  38  3:20  Drone x3  
  38  3:23  Queen  
  43  3:27  Spore Crawler  
  43  3:30  Drone  
  43  3:38  Overlord  
  43  3:39  Drone x2  
  43  3:40  Drone  
  43  3:41  Drone  
  47  3:45  Lair  
  47  3:46  Drone  
  48  3:51  Drone x2  
  48  3:54  Spore Crawler  
  49  3:58  Drone x2  
  51  4:04  Spore Crawler  
  51  4:06  Drone  
  51  4:09  Drone  
  52  4:11  Zergling x8  
  52  4:17  Extractor, Overlord  
  56  4:18  Drone x3, Extractor  
  56  4:22  Overlord  
  57  4:25  Overlord  
  57  4:29  Overlord  
  57  4:32  Overlord  
  57  4:36  Drone, Baneling Nest  
  57  4:38  Drone  
  58  4:39  Drone  
  58  4:41  Drone  
  60  4:46  Hydralisk Den  
  60  4:47  Drone x2  
  60  4:51  Drone x2  
  63  4:57  Drone x2, Zergling x2  
  63  4:58  Drone  
  63  4:59  Overseer  
  67  5:01  Zergling x2  
  67  5:05  Zergling x4  
  69  5:09  Zergling x6  
  69  5:13  Zergling x6  
  75  5:17  Drone x2  
  75  5:20  Baneling, Muscular Augments  
  77  5:22  Baneling  
  77  5:27  Hydralisk x2  
  81  5:29  Overlord  
  81  5:33  Drone x2  
  81  5:34  Overlord  
  83  5:36  Overlord  
  83  5:39  Overlord  
  83  5:41  Overlord  
  83  5:46  Baneling x2  
  81  5:51  Zergling x4  
  81  5:55  Zergling x10  
  78  5:57  Drone  
  78  5:58  Drone x3  
  78  6:02  Drone  
  79  6:06  Drone x4  
  79  6:08  Drone  
  79  6:09  Drone  
  84  6:13  Baneling x2  
  84  6:16  Drone x2  
  86  6:23  Overlord, Extractor  
  85  6:28  Spore Crawler  
  85  6:29  Hydralisk  
  85  6:31  Overlord, Grooved Spines  
  83  6:33  Drone x2  
  83  6:35  Hatchery  
  83  6:36  Drone  
  83  6:37  Extractor  
  83  6:39  Drone x3  
  87  6:42  Queen  
  87  6:43  Drone x2  
  87  6:45  Drone x2  
  93  6:53  Lurker Den  
  92  6:54  Drone  
  92  6:55  Drone x2  
  92  6:58  Extractor  
  92  6:59  Drone x2  
  96  7:03  Hydralisk x3  
  102  7:12  Extractor  
  102  7:13  Drone x3  
  102  7:14  Extractor  
  103  7:19  Evolution Chamber  
  103  7:20  Hydralisk x6  
  113  7:26  Overlord  
  113  7:35  Hatchery  
  113  7:37  Drone x3  
  114  7:38  Drone  
  114  7:39  Drone x3  
  118  7:46  Zerg Missile Weapons Level 1  
  118  7:48  Drone x2  
  118  7:49  Spire  
  119  7:51  Hydralisk x2  
  119  7:56  Drone  
  124  8:03  Hydralisk x4  
  124  8:05  Overlord  
  132  8:11  Extractor  
  131  8:17  Extractor  
  131  8:19  Zergling x2  
  134  8:20  Zergling x10  
  134  8:21  Overlord  
  133  8:27  Drone x2, Overlord  
  133  8:31  Lurker  
  133  8:32  Lurker x6  
  133  8:33  Lurker  
  144  8:34  Lurker  
  144  8:35  Lurker  
  144  8:36  Overlord  
  144  8:39  Overlord  
  144  8:41  Spore Crawler  
  144  8:48  Hydralisk x2  
  144  8:49  Hydralisk x2, Zergling x2  
  144  8:50  Zergling x6  
  144  8:53  Overseer  
  155  9:01  Corruptor  
  155  9:02  Corruptor x2  
  160  9:06  Infestation Pit  
  157  9:14  Corruptor  
  157  9:15  Corruptor x2  
  161  9:20  Hydralisk x2, Zergling x4  
  161  9:21  Zergling x2  
  168  9:30  Corruptor x2  
  158  9:32  Drone  
  158  9:33  Drone x2  
  158  9:35  Hydralisk, Zergling x2  
  158  9:38  Overlord  
  159  9:42  Corruptor  
  157  9:47  Drone x3  
  157  9:49  Hive  
  157  9:51  Lurker x2  
  161  9:56  Hydralisk x3  
  155  10:00  Hydralisk  
  155  10:01  Hydralisk x3  
  155  10:02  Zergling x2  
  155  10:06  Hydralisk x2  
  161  10:11  Lurker  
  161  10:12  Lurker x2  
  160  10:18  Hydralisk x4  
  154  10:22  Hydralisk x2  
  154  10:23  Hydralisk, Zergling x2  
  154  10:27  Hydralisk, Zergling x4  
  160  10:30  Hydralisk  
  160  10:35  Lurker x4  
  162  10:39  Hydralisk x2  
  162  10:42  Hydralisk  
  168  10:48  Hydralisk  
  170  10:52  Hydralisk  
  170  10:55  Overseer x2  
  172  10:59  Zerg Missile Weapons Level 2  
  172  11:02  Lurker  
  172  11:03  Lurker  
  174  11:09  Hydralisk x5  
  165  11:13  Hydralisk  
  165  11:14  Zergling x8  
  168  11:22  Hydralisk x2  
  168  11:23  Zergling x4  
  168  11:24  Hydralisk  
  174  11:30  Hydralisk  
  174  11:31  Zergling x2  
  161  11:34  Zergling x4  
  161  11:38  Lurker x2  
  161  11:39  Lurker  
  163  11:40  Hydralisk, Zergling x2  
  163  11:51  Hydralisk x2  
  142  11:56  Hydralisk x4  
  142  12:00  Hydralisk  
  148  12:02  Lurker  
  148  12:03  Lurker  
  150  12:13  Lurker x2  
  152  12:16  Zergling x4  
  152  12:20  Hatchery  
  153  12:22  Hydralisk  
  153  12:23  Hydralisk x2  
  151  12:31  Hydralisk x2  
  151  12:35  Adaptive Talons  
  153  12:37  Lurker  
  154  12:45  Hydralisk  
  154  12:46  Hydralisk x3  
  162  12:53  Hydralisk x2  
  162  12:54  Hydralisk  
  167  13:02  Hydralisk  
  167  13:03  Hydralisk x2  
  168  13:07  Hydralisk, Zergling x4  
  168  13:08  Zergling x2  
  167  13:14  Hydralisk  
  152  13:24  Hydralisk x2  
  152  13:26  Hydralisk x2  
  144  13:29  Hydralisk  
  144  13:31  Zergling x4  
  116  13:35  Hydralisk  
  112  13:41  Hydralisk  
  112  13:46  Hydralisk  
  102  13:54  Drone  
  102  13:55  Drone x5  
  106  14:07  Hydralisk x2  
  106  14:09  Drone  
  110  14:10  Drone  
  110  14:19  Hydralisk x2  
  111  14:24  Hydralisk  
  111  14:29  Hydralisk x3  
  119  14:35  Lurker x4  
  124  14:38  Lurker x2  
  124  14:42  Lurker x2  
  124  14:43  Lurker  
  128  14:46  Hydralisk  
  128  14:50  Zergling x4  
  128  14:51  Zergling x2  
  133  14:54  Hydralisk  
  133  14:55  Zergling x2  
  136  15:03  Hydralisk x3  
  109  15:15  Zergling x2  
Show
View Real Time Build Order
Export as new Build Order

Neeb Protoss - Winner!

Build Orders: 1 Gate Expand, Oracle Opening, Phoenix Opening 

Get SALT Encoding   

  12  0:00  Probe  
  13  0:12  Probe  
  14  0:18  Pylon  
  14  0:24  Probe (Chrono Boost)  
  15  0:34  Assimilator  
  15  0:36  Probe (Chrono Boost)  
  16  0:45  Probe (Chrono Boost)  
  16  0:47  Gateway  
  17  0:51  Probe  
  18  1:03  Probe  
  19  1:15  Probe  
  20  1:22  Nexus  
  21  1:34  Cybernetics Core  
  21  1:35  Probe  
  21  1:40  Assimilator  
  21  1:47  Probe  
  21  1:50  Pylon  
  22  1:59  Probe  
  23  2:08  Adept (Chrono Boost)  
  23  2:11  Probe  
  23  2:13  Stargate  
  26  2:21  Warp Gate  
  26  2:23  Probe  
  26  2:27  Adept (Chrono Boost)  
  29  2:34  Probe  
  29  2:35  Probe  
  30  2:46  Adept (Chrono Boost), Probe  
  30  2:48  Probe  
  34  2:56  Oracle (Chrono Boost)  
  34  2:58  Probe  
  34  3:02  Probe  
  34  3:05  Gateway  
  39  3:11  Probe  
  40  3:16  Pylon  
  40  3:17  Probe  
  41  3:23  Probe  
  41  3:26  Twilight Council  
  42  3:29  Probe  
  43  3:35  Probe, Pylon  
  43  3:37  Phoenix (Chrono Boost)  
  46  3:41  Probe  
  46  3:47  Probe, Pylon  
  48  3:53  Probe  
  49  3:56  Assimilator  
  49  3:58  Gateway  
  49  3:59  Probe  
  50  4:03  Resonating Glaives (Chrono Boost)  
  50  4:06  Probe  
  51  4:11  Probe  
  52  4:18  Probe  
  52  4:23  Probe  
  54  4:27  Adept x2  
  54  4:30  Probe  
  59  4:33  Nexus  
  59  4:36  Probe  
  60  4:38  Pylon  
  60  4:44  Assimilator  
  60  4:48  Adept x2  
  60  4:51  Probe x2  
  66  4:59  Adept, Shield Battery  
  68  5:02  Robotics Facility  
  68  5:11  Adept x2  
  68  5:12  Probe x2  
  74  5:24  Probe x2  
  76  5:30  Sentry  
  78  5:37  Pylon  
  78  5:40  Pylon  
  78  5:45  Probe x3  
  81  5:55  Immortal (Chrono Boost)  
  67  5:57  Probe x3  
  67  5:58  Sentry  
  67  5:59  Sentry x2  
  67  6:03  Robotics Bay  
  76  6:05  Forge  
  76  6:09  Probe x3  
  77  6:14  Pylon  
  77  6:20  Shield Battery  
  77  6:21  Probe x2  
  77  6:22  Gateway  
  77  6:23  Probe  
  80  6:25  Immortal (Chrono Boost)  
  80  6:28  Protoss Ground Weapons Level 1 (Chrono Boost)  
  80  6:30  Gateway  
  80  6:31  Gateway  
  84  6:33  Probe  
  84  6:35  Adept x2, Sentry  
  91  6:43  Shield Battery  
  91  6:44  Probe  
  91  6:45  Probe  
  91  6:46  Shield Battery  
  94  6:51  Assimilator  
  94  6:53  Assimilator  
  94  6:55  Colossus (Chrono Boost)  
  94  6:57  Pylon  
  94  6:58  Probe, Extended Thermal Lance  
  94  6:59  Probe  
  94  7:00  Probe  
  102  7:05  Pylon  
  102  7:19  Gateway  
  102  7:21  Gateway  
  102  7:30  Charge (Chrono Boost)  
  102  7:34  Gateway  
  102  7:37  Gateway  
  102  7:39  Templar Archives, Photon Cannon  
  102  7:40  Photon Cannon  
  102  7:44  Templar Archives  
  102  7:46  Colossus (Chrono Boost)  
  102  7:47  Pylon  
  102  7:50  Probe x2  
  102  7:51  Probe  
  111  7:57  Photon Cannon, Nexus  
  111  8:01  Pylon  
  111  8:04  Colossus (Chrono Boost)  
  111  8:14  Pylon  
  111  8:16  Probe x2  
  111  8:21  Protoss Ground Weapons Level 2 (Chrono Boost)  
  111  8:25  High Templar x2  
  115  8:28  Zealot x5  
  115  8:31  Archon  
  115  8:33  Probe x2  
  131  8:38  Assimilator  
  131  8:41  Assimilator  
  131  8:45  Photon Cannon  
  131  8:47  Observer  
  128  8:48  High Templar  
  128  8:49  Zealot x6, High Templar  
  128  8:53  Shield Battery  
  142  8:57  Archon  
  142  9:01  Zealot x2  
  146  9:08  Immortal  
  146  9:09  Zealot x3  
  156  9:10  Zealot  
  156  9:15  Zealot x2  
  161  9:21  Zealot x2  
  161  9:24  Blink (Chrono Boost)  
  165  9:30  Zealot x4  
  169  9:38  High Templar  
  171  9:41  Pylon  
  171  9:42  Pylon  
  171  9:44  Pylon x2  
  161  9:48  Stalker x3  
  161  9:52  High Templar x2  
  167  9:53  High Templar  
  164  10:02  Archon  
  164  10:05  High Templar x3  
  144  10:07  Probe x2  
  144  10:10  Archon  
  144  10:12  Probe  
  144  10:13  Probe  
  146  10:17  Protoss Ground Weapons Level 3 (Chrono Boost)  
  146  10:21  Probe  
  128  10:24  Archon  
  128  10:26  Zealot x7  
  128  10:27  Observer  
  131  10:31  Robotics Facility  
  131  10:39  Nexus  
  131  10:40  High Templar x3  
  135  10:45  Archon  
  135  10:47  Stalker x4  
  135  10:48  Archon  
  141  10:51  Observer  
  141  10:55  Zealot x3  
  148  11:00  Pylon  
  139  11:14  High Templar  
  139  11:15  Zealot x4, High Templar x2  
  139  11:16  Zealot x2, High Templar  
  157  11:19  Archon  
  157  11:23  Archon  
  142  11:25  Probe x2  
  142  11:26  Photon Cannon  
  142  11:27  Probe  
  140  11:37  Immortal x2 (Chrono Boost)  
  140  11:38  High Templar x2  
  140  11:39  Zealot x2  
  148  11:43  Archon  
  148  11:44  Zealot x2  
  135  11:56  Oracle  
  122  12:02  Zealot x4, High Templar x2  
  122  12:06  Archon  
  134  12:09  Zealot x2  
  134  12:10  Zealot  
  134  12:11  Zealot  
  134  12:12  Immortal (Chrono Boost)  
  134  12:14  Immortal (Chrono Boost)  
  150  12:19  Assimilator  
  150  12:20  Assimilator  
  150  12:27  High Templar x2  
  150  12:28  Zealot x2  
  153  12:31  Sentry, Archon  
  153  12:34  Zealot x5  
  161  12:46  Observer  
  161  12:49  Immortal  
  166  12:55  High Templar x2  
  166  12:56  Zealot x5  
  166  12:57  Probe  
  181  12:59  Archon  
  181  13:07  Immortal  
  181  13:10  Zealot x3  
  183  13:30  Zealot x4  
  139  13:36  Immortal (Chrono Boost)  
  133  13:44  High Templar x6  
  133  13:46  Immortal (Chrono Boost)  
  123  13:49  Archon x2  
  123  13:50  Archon  
  118  13:58  Zealot x4  
  122  14:11  Observer (Chrono Boost)  
  122  14:15  Immortal (Chrono Boost)  
  122  14:17  Sentry x2, High Templar x2  
  125  14:18  Zealot x3  
  125  14:21  Archon  
  139  14:25  Immortal (Chrono Boost)  
  141  14:36  Zealot x3  
  147  14:43  Immortal (Chrono Boost)  
  147  14:45  Assimilator  
  147  14:46  Zealot x3, Assimilator, High Templar x2  
  147  14:50  Archon  
  161  14:54  Immortal (Chrono Boost)  
  165  15:00  Zealot x3  
  165  15:01  Zealot  
  169  15:11  Zealot x4  
  139  15:18  Probe x2  
  127  15:28  Pylon, High Templar  
  128  15:29  Zealot x2, High Templar x3  

Tags
 
Add a new tag
Caveats
  • Supply blocks, unpowered buildings, or Contaminate may cause inaccurate times.
  • Supply counts are checked every 10 seconds.